 Dungeon Crawl Stone Soup version 0.18.1-47-g9310371 (webtiles) character file.

79 GordonOverkill the Slasher (level 4, -1/35 HPs)
             Began as a Demonspawn Berserker on June 20, 2016.
             Was a Believer of Trog.
             Slain by mhilhors's ghost (3 damage)
             ... on level 3 of the Dungeon.
             The game lasted 00:04:46 (1945 turns).

GordonOverkill the Slasher (Demonspawn Berserker)   Turns: 1945, Time: 00:04:47

Health: -1/35      AC:  6    Str: 18    XL:     4   Next: 17%
Magic:  4/4        EV: 10    Int:  8    God:    Trog [**....]
Gold:   92         SH:  0    Dex: 13    Spells: 0 memorised, 3 levels left

rFire  . . .     SeeInvis .     a - +0 falchion
rCold  + . .     Gourm    .     g - +0 scale mail
rNeg   . . .     Faith    .     (no shield)
rPois  .         Spirit   .     (no helmet)
rElec  .         Dismiss  .     (no cloak)
rCorr  .         Reflect  .     (no gloves)
SustAt .         Harm     .     (no boots)
MR     .....                    (no amulet)
Stlth  ..........               (no ring)
                                m - ring of protection from cold

@: exhausted, slowed, very slow, not resistant to hostile enchantments,
extremely unstealthy
A: rot immunity
a: Berserk, Trog's Hand, Burn Spellbooks, Renounce Religion


You were on level 3 of the Dungeon.
You worshipped Trog.
Trog was pleased with you.
You were very hungry.

You visited 1 branch of the dungeon, and saw 3 of its levels.

You collected 92 gold pieces.

Inventory:

Hand Weapons
 a - a +0 falchion (weapon)
Armour
 g - a +0 scale mail (worn)
Jewellery
 m - a ring of protection from cold (left hand)
Scrolls
 b - a scroll of enchant weapon {unknown}
 d - 3 scrolls of remove curse {unknown}
 f - 2 scrolls of teleportation {unknown}
 i - a scroll of fear {unknown}
 j - a scroll of magic mapping {unknown}
 l - 2 scrolls of identify {unknown}
Potions
 e - a potion of lignification {unknown}
 k - a potion of mutation {unknown}
Comestibles
 c - 3 bread rations
 h - 3 chunks of flesh
 n - a meat ration


   Skills:
 - Level 3.0 Fighting
 + Level 4.5 Long Blades
 - Level 1.7 Armour
 - Level 1.7 Dodging


You had 3 spell levels left.
You didn't know any spells.

Dungeon Overview and Level Annotations

Branches:
Dungeon (3/15)

Altars:
Cheibriados
Nemelex Xobeh

Annotations:
D:3 mhilhors's ghost, amateur MfTm


Innate Abilities, Weirdness & Mutations

You are immune to rotting.


Message History

Mhilhors's ghost hits you. Mhilhors's ghost hits you!
Mhilhors's ghost hits you.
* * * LOW HITPOINT WARNING * * *
Mhilhors's ghost hits you.
* * * LOW HITPOINT WARNING * * *
You can move again.
Unknown command.
Read which item? (? for menu, Esc to quit)
Okay, then.
Okay, then.
Mhilhors's ghost hits you.
* * * LOW HITPOINT WARNING * * *
Mhilhors's ghost hits you.
* * * LOW HITPOINT WARNING * * *
Mhilhors's ghost completely misses you.
Drink which item? (? for menu, Esc to quit)
Okay, then.
Mhilhors's ghost hits you.
You die...

.# #..# ######.###...###
#. #..# .....>...#......
#. #..# ####.......#####
#. #..# #.......# # #.
#..# #.......# # #.####
#..# #.......# # #....#
#..# #.......###
#..#.###..########.#.....#
#..#......W@.......#...#.#
#..#####..#######..#.###.#
#..# #..# #..#.# #.# #..#
#### ###### ### #..# #..#
#..#


You could see mhilhors's ghost.

Vanquished Creatures
  A hound zombie (D:3)
  An adder (D:2)
  A gnoll (D:1)
  2 dart slugs
  3 giant geckos
  5 bats (D:1)
  4 giant cockroaches
  6 hobgoblins
  A quokka (D:3)
  2 giant newts (D:2)
  8 goblins
  A kobold (D:1)
  A rat (D:1)
36 creatures vanquished.

Notes
Turn   | Place    | Note
--------------------------------------------------------------
     0 | D:1      | GordonOverkill the Demonspawn Berserker began the quest for the Orb.
     0 | D:1      | Reached XP level 1. HP: 18/18 MP: 1/1
    87 | D:1      | Reached skill level 3 in Long Blades
   185 | D:1      | Gained mutation: You are immune to rotting. [demonic ancestry]
   185 | D:1      | Reached XP level 2. HP: 24/24 MP: 2/2
   826 | D:1      | Reached XP level 3. HP: 26/29 MP: 3/3
  1187 | D:2      | Found a snail-covered altar of Cheibriados.
  1203 | D:2      | Reached skill level 4 in Long Blades
  1272 | D:2      | Reached ** piety under Trog
  1280 | D:2      | Found a sparkling altar of Nemelex Xobeh.
  1862 | D:3      | Reached XP level 4. HP: 35/35 MP: 4/4
  1916 | D:3      | Noticed mhilhors's ghost (amateur MfTm)
  1940 | D:3      | HP: 1/35 [mhilhors's ghost (3)]
  1945 | D:3      | Slain by mhilhors's ghost

Skill      XL: |  1  2  3 |
---------------+----------+-----
Long Blades    | 3 4 |  4.5
Fighting       | |  3.0
Armour         | |  1.7
Dodging        | |  1.7

Action                   |  1- 3 |  4- 6 || total
-------------------------+-------+-------++-------
Melee: Falchion          |   137 |    20 ||   157
Invok: Berserk           |       |     1 ||     1
  Eat: Chunk             |     3 |       ||     3
Armor: Animal skin       |    17 |       ||    17
       Scale mail        |    44 |     2 ||    46
Dodge: Dodged            |    80 |    10 ||    90
